 Dungeon Crawl Stone Soup version 0.21.1-1-g345015f (webtiles) character file.

18 tidbits the Charmwright (level 2, 1/26 HPs)
             Began as a Gnoll Skald on June 18, 2018.
             Quit the game on level 2 of the Dungeon.
             The game lasted 00:01:13 (119 turns).

tidbits the Charmwright (Gnoll Skald)                Turns: 119, Time: 00:01:14

Health: 1/26       AC:  3    Str: 13    XL:     2   Next: 66%
Magic:  1/7        EV: 14    Int: 15    God:
Gold:   64         SH:  0    Dex: 14    Spells: 9/10 levels left

rFire    . . .     SeeInvis .   a - +0 hand axe
rCold    . . .     Gourm    .   (no shield)
rNeg     . . .     Faith    .   b - +0 leather armour
rPois    .         Spirit   .   (no helmet)
rElec    .         Reflect  .   (no cloak)
rCorr    .         Harm     .   (no gloves)
MR       .....                  (no boots)
Stlth    +.........             (no amulet)
HPRegen  0.08/turn              (no ring)
MPRegen  0.10/turn              (no ring)

@: lethally poisoned (1 -> -3), infused (expiring)
A: distributed training, fangs 1, strong nose
a: no special abilities


You were on level 2 of the Dungeon.
You were not hungry.

You visited 1 branch of the dungeon, and saw 2 of its levels.

You collected 64 gold pieces.

Inventory:

Hand Weapons
 a - a +0 hand axe (weapon)
 f - a +0 dagger
Armour
 b - a +0 leather armour (worn)
Scrolls
 e - a scroll of amnesia {unknown}
 g - a scroll of teleportation {unknown}
Books
 c - a book of Battle

   Spells                             Type                      Level
   a - Infusion                       Charms                       1
   b - Shroud of Golubria             Charms/Translocation         2
   c - Song of Slaying                Charms                       2
   d - Spectral Weapon                Hexes/Charms                 3
   e - Regeneration                   Charms/Necromancy            3
Comestibles
 d - 3 rations


   Skills:
 + Level 4.5 Fighting
 + Level 0.5 Short Blades
 + Level 0.5 Long Blades
 + Level 4.5 Axes
 + Level 0.5 Maces & Flails
 + Level 0.5 Polearms
 + Level 0.5 Staves
 + Level 0.5 Slings
 + Level 0.5 Bows
 + Level 0.5 Crossbows
 + Level 0.5 Throwing
 + Level 2.5 Armour
 + Level 4.5 Dodging
 + Level 0.5 Stealth
 + Level 0.5 Shields
 + Level 0.5 Unarmed Combat
 + Level 4.9 Spellcasting
 + Level 0.3 Conjurations
 + Level 0.3 Hexes
 + Level 5.3 Charms
 + Level 0.3 Summonings
 + Level 0.3 Necromancy
 + Level 0.3 Translocations
 + Level 0.3 Transmutations
 + Level 0.3 Fire Magic
 + Level 0.3 Ice Magic
 + Level 0.3 Air Magic
 + Level 0.3 Earth Magic
 + Level 0.3 Poison Magic
 + Level 0.6 Invocations
 + Level 0.5 Evocations


You had 9 spell levels left.
You knew the following spells:

 Your Spells              Type           Power        Failure   Level  Hunger
i - Infusion              Chrm           ###.         2%          1    None


Dungeon Overview and Level Annotations

Branches:
Dungeon (2/15)

Altars:


Innate Abilities, Weirdness & Mutations

Your experience applies equally to all skills.
You have very sharp teeth.
Your uncanny sense of smell can sniff out nearby items.


Message History

There is a stone staircase leading down here.
Found a ration.
A kobold comes into view. It is wielding a dagger.
You see here a ration.
d - 3 rations (gained 1)
The kobold shouts!
The kobold moves out of view.
A giant cockroach comes into view.
You barely miss the kobold. Your bite misses the kobold.
The kobold hits you with a dagger.
* * * LOW HITPOINT WARNING * * *
You closely miss the kobold. The kobold hits you with a dagger.
* * * LOW HITPOINT WARNING * * *
You hit the kobold.
You kill the kobold!
You have reached level 2!
Your magical infusion is running out.
You hit the giant cockroach.
The giant cockroach is moderately wounded.
The giant cockroach completely misses you.
You hit the giant cockroach.
You kill the giant cockroach!
Found a hunting sling and a scroll labeled ARHAAH YKHLATOFF.
Things that are here:
a dagger; a giant cockroach corpse
f - a dagger You are no longer magically infusing your attacks.
You see here a scroll labeled ARHAAH YKHLATOFF.
g - a scroll labeled ARHAAH YKHLATOFF You see here a hunting sling.
You see here a giant cockroach corpse.
You see here a robe.
Found 17 gold pieces.
A kobold comes into view.
The kobold moves out of view.
You see here 17 gold pieces.
You now have 51 gold pieces (gained 17).
Casting: Infusion
Confirm with . or Enter, or press ? or * to list all spells.
You begin infusing your attacks with magical energy.
You completely miss the kobold. Your bite misses the kobold.
The kobold barely misses you.
You closely miss the kobold. The kobold closely misses you.
You barely miss the kobold. The kobold closely misses you.
You closely miss the kobold. The kobold hits you.
* * * LOW HITPOINT WARNING * * *
You hit the kobold. You bite the kobold, but do no damage.
The kobold is severely wounded.
The kobold barely misses you.
You closely miss the kobold.
The kobold is severely wounded.
The kobold hits you but does no damage.
You closely miss the kobold. Your bite misses the kobold.
The kobold is severely wounded.
The kobold barely misses you.
You hit the kobold.
You kill the kobold!
You see here a robe.
There is a stone staircase leading down here.
You climb downwards.
Found a stone staircase leading down.
There is a stone staircase leading up here.
Found 13 gold pieces.
An adder comes into view.
Found a pair of boots and a scroll labeled ARHAAH YKHLATOFF.
You hit the adder!
The adder is almost dead.
The adder bites you.
* * * LOW HITPOINT WARNING * * *
You are poisoned.
The adder poisons you!
You closely miss the adder. You bite the adder, but do no damage.
The adder is almost dead.
You feel sick. The adder bites you but does no damage. The adder bites you.
* * * LOW HITPOINT WARNING * * *
You are lethally poisoned!
The adder poisons you!
You hit the adder!
You kill the adder!
* * * LOW HITPOINT WARNING * * *
You feel sick.
You aren't carrying any potions.
A worm comes into view.
You see here 13 gold pieces.
You now have 64 gold pieces (gained 13).
* * * LOW HITPOINT WARNING * * *
You feel sick.
Your magical infusion is running out.
Found a scroll labeled RIVIAS QO DUE.
* * * LOW HITPOINT WARNING * * *
You feel sick.
Found 8 gold pieces.
* * * LOW HITPOINT WARNING * * *
You feel sick.
You see here a scroll labeled ARHAAH YKHLATOFF.
* * * LOW HITPOINT WARNING * * *
You feel sick.
Things that are here:
8 gold pieces; 15 stones Are you sure you want to abandon this character and quit the game? (Confirm with "yes".)

# +# #. #.####
#..######......
#...@.?[.......
#..####.#.##.#
#..####.#.##.###
#...w...........
#?#####.#.##....
.#####......# #
.........####
+#######.# ##
####.####>..#


There were no monsters in sight!

Vanquished Creatures
  An adder (D:2)
  A giant cockroach (D:1)
  A hobgoblin (D:1)
  3 jackals (D:1)
  2 kobolds (D:1)
  A rat (D:1)
9 creatures vanquished.

Notes
Turn   | Place    | Note
-------+----------+-------------------------------------------
     0 | D:1      | tidbits the Gnoll Skald began the quest for the Orb.
     0 | D:1      | Reached XP level 1. HP: 20/20 MP: 6/6
    55 | D:1      | Reached XP level 2. HP: 10/26 MP: 2/7
   114 | D:2      | HP: 2/26 [poisoned by an adder]
   119 | D:2      | Quit the game

Action                   || total
-------------------------++-------
Melee: Hand axe          ||    25
       Bite              ||     4
 Cast: Infusion          ||     3
Armor: Leather armour    ||     4
Dodge: Dodged            ||     7

Table legend:
 A = Turns spent in this place as a percentage of turns spent in the entire game.
 B = Non-inter-level travel turns spent in this place as a percentage of non-inter-level travel turns spent in the entire game.
 C = Inter-level travel turns spent in this place as a percentage of turns spent in this place.
 D = Turns resting spent in this place as a percentage of non-inter-level travel turns spent in this place.
 E = Turns spent auto-exploring this place as a percentage of non-inter-level travel turns spent in this place.
 F = Non-inter-level travel turns spent in this place divided by the number of levels of this place that you've seen.
                   A       B       C       D       E      F
               +-------+-------+-------+-------+-------+----------------------
         Total | 100.0 | 100.0 |   0.0 |   0.0 |   0.0 |  59.5
       Dungeon | 100.0 | 100.0 |   0.0 |   0.0 |   0.0 |  59.5
               +-------+-------+-------+-------+-------+----------------------

Table legend:
 A = Kills in this place as a percentage of kills in entire the game.
 B = Kills by you in this place as a percentage of kills by you in the entire game.
 C = Kills by friends in this place as a percentage of kills by friends in the entire game.
 D = Other kills in this place as a percentage of other kills in the entire game.
 E = Experience gained in this place as a percentage of experience gained in the entire game.
 F = Experience gained in this place divided by the number of levels of this place that you have seen.
                   A       B       C       D       E      F
               +-------+-------+-------+-------+-------+----------------------
         Total | 100.0 | 100.0 |   N/A |   N/A | 100.0 |  13.0
       Dungeon | 100.0 | 100.0 |   N/A |   N/A | 100.0 |  13.0
               +-------+-------+-------+-------+-------+----------------------

Vault maps used:
D:1:      minmay_arrival_diagonal_passages
D:2:      gammafunk_temple_overflow_elements, lemuel_another_geyser
